Cogmind - Beta 15 @@@ ROGUE MODE // 2025.08.23 @ 16:56:55 Player: JuustuToug Result: Destroyed by G-47 Trooper with Particle Gun Performance ------------- Evolutions (2) 1000 Regions Visited (3) 600 Robots Destroyed (96) 480 Value Destroyed (2768) 2768 Prototype IDs (2) 40 Alien Tech Used (0) 0 Bonus (124) 124 TOTAL SCORE: 5012 Bonus ------- High Alert Combat Kills 124 Cogmind --------- Core Integrity 0/550 Matter 285/300 Energy 98/100 System Corruption 0% Temperature Cool (9) Movement Core (50) Location -8/Materials Parts ------- > --- POWER (1) -------- (None) > --- PROPULSION (4) --- (None) > --- UTILITY (3) ------ (None) > --- WEAPON (3) ------- Enhanced Autogun > --- INVENTORY (5) ---- Light Nuclear Core Seismic Detector Heavy EM Shotgun Heavy EM Shotgun Autogun Peak State ------------ > --- POWER ------------ Improved Ion Engine > --- PROPULSION ------- Aluminum Leg Carbon-fiber Leg Titanium Leg VSS Leg > --- UTILITY ---------- Large Storage Unit Melee Analysis Suite Armor Integrity Analyzer > --- WEAPON ----------- Heavy EM Shotgun Katana Katana > --- INVENTORY -------- Light Deuterium Engine Aluminum Leg Aluminum Leg High-capacity Matter Pod Improved Signal Interpreter Seismic Detector Shock Rifle Heavy EM Shotgun Field Laser Ion Cannon Autogun Mini Grenade Launcher Great Maul [Rating: 33] Favorites ----------- Power Improved Ion Engine Engine Improved Ion Engine Power Core Light Nuclear Core Propulsion Aluminum Leg Treads Light Treads Leg Aluminum Leg Utility Large Storage Unit Device ECM Suite Storage Large Storage Unit Processor Armor Integrity Analyzer Protection Hardened Light Armor Plating Weapon Autogun Energy Gun Shock Rifle Energy Cannon Light EM Pulse Cannon Ballistic Gun Autogun Ballistic Cannon Light Cannon Launcher Mini Grenade Launcher Impact Weapon Great Maul Slashing Weapon Katana Build | -11 -10 -9 -8 ------- Run | Yrd Mat Mat Mat Slots Evolved 4 | . . 2 2 Power . | . . . . Propulsion 2 | . . 1 1 Utility 1 | . . 1 . Weapon 1 | . . . 1 Parts Attached 61 | 6 7 17 31 Power 9 | 1 1 2 5 Engine 8 | 1 . 2 5 Core 1 | . 1 . . Reactor . | . . . . Propulsion 19 | 2 2 6 9 Treads 4 | . 2 2 . Leg 15 | 2 . 4 9 Wheel . | . . . . Hover . | . . . . Flight . | . . . . Utility 12 | 1 2 3 6 Device 4 | . . 2 2 Storage 2 | 1 1 . . Processor 2 | . . . 2 Hackware . | . . . . Protection 4 | . 1 1 2 Artifact . | . . . . Weapon 21 | 2 2 6 11 Energy Gun 4 | . . 1 3 Energy Cannon 4 | . 1 2 1 Ballistic Gun 6 | 2 1 1 2 Ballistic Cannon 1 | . . 1 . Launcher 3 | . . 1 2 Special Weapon . | . . . . Impact Weapon 1 | . . . 1 Slashing Weapon 2 | . . . 2 Piercing Weapon . | . . . . Special Melee Weapon . | . . . . Unidentified Prototypes 2 | . . . 2 Parts Lost 23 | . . 7 16 Power 3 | . . 1 2 Propulsion 10 | . . 3 7 Utility 4 | . . 1 3 Weapon 6 | . . 2 4 Highest Loss Streak 6 | . . 2 6 To Critical Strikes 1 | . . . 1 Average Backups 13 | 3 11 13 14 Power 1 | . 1 2 1 Propulsion 2 | 1 2 2 1 Utility 4 | . 2 4 5 Weapon 4 | 1 4 4 5 Tool/Special . | . . . . Unused Backups 29 | . 6 3 20 Power 4 | . 1 1 2 Propulsion 4 | . 1 1 2 Utility 12 | . 2 . 10 Weapon 8 | . 2 1 5 Tool/Special 1 | . . . 1 Average Slot Usage (%) 96 | . 99 97 93 Engine 8 | . 11 7 8 Core 1 | . 2 3 . Treads 9 | . 27 9 . Leg 21 | . . 21 32 Device 7 | . . 11 7 Storage 10 | . 14 11 8 Protection 10 | . 13 10 7 Energy Gun 3 | . . 2 4 Energy Cannon 5 | . 13 6 . Ballistic Gun 11 | . 14 7 14 Ballistic Cannon 3 | . . 5 2 Peak Build Rating 33 | 6 14 16 33 Average Rating 17 | 3 11 14 25 On Entrance 9 | . 6 14 16 Naked Turns 9 | . . . 9 Heaviest Build 49 | 13 37 41 49 Greatest Support 60 | 20 40 60 58 Greatest Overweight (x) 11 | 3 . 1 11 Average Overweight (x) . | . . . . Largest Inventory Capacity 15 | 8 15 15 15 Average Capacity 14 | 7 13 15 14 Most Carried 15 | 7 15 15 15 Average Carried 13 | 3 11 13 14 Final Capacity 15 | 8 15 15 5 Final Carried 15 | 5 15 15 5 Class Distribution -------------------- 66% | Mutant 21% | Tank 6% | Scavenger-Tank Dominant Class ---------------- Mutant | -10/Materials Mutant | -9/Materials Tank | -8/Materials Resources | -11 -10 -9 -8 ----------- Run | Yrd Mat Mat Mat Matter Collected 2352 | 167 293 934 958 Remotely . | . . . . Salvage Created 3046 | . 386 1188 1472 Parts 185 | . 29 83 73 Haulers Intercepted 5 | . 1 2 2 Recyclers Shooed 1 | . . . 1 Parts Field Recycled . | . . . . Retrieved Matter . | . . . . Parts Self-Destructed . | . . . . Prevented . | . . . . Kills | -11 -10 -9 -8 ------- Run | Yrd Mat Mat Mat Combat Hostiles Destroyed 71 | . 8 36 27 Melee 2 | . . . 2 Guns 18 | . . 7 11 Cannons 25 | . 8 8 9 AOE 23 | . . 19 4 Classes Destroyed 14 | . 5 4 5 Worker 2 | . . 2 . Builder 2 | . . . 2 Tunneler 1 | . . 1 . Hauler 5 | . 1 2 2 Recycler 2 | . . . 2 Mechanic 1 | . . 1 . Operator 6 | . 1 4 1 Watcher 6 | . 1 4 1 Swarmer 20 | . 3 17 . Grunt 34 | . 5 12 17 Brawler 1 | . . . 1 Duelist 2 | . . . 2 Sentry 12 | . . 7 5 Specialist 2 | . . . 2 Best Kill Streak 8 | . 2 8 4 Combat Bots Only 6 | . 2 6 3 Max Kills in Single Turn 4 | . 1 4 2 Gunslinging . | . . . . Exploded 4 | . . 4 1 Melee 1 | . . . 1 Uniques/NPCs Destroyed . | . . . . Combat | -11 -10 -9 -8 -------- Run | Yrd Mat Mat Mat Hostile Shots Fired 444 | . 26 191 227 Missed 138 | . 7 55 76 Hits 306 | . 19 136 151 Projectile 306 | . 19 136 151 Critical Strikes 15 | . . 7 8 Damage Taken 4791 | . 205 1992 2594 Core 890 | . 20 316 554 Absorbed by Shields 248 | . . . 248 Regen/Repaired (Parts) 211 | . . 211 . Core Remaining (%) 71 | 100 92 21 . Volleys Fired 211 | . 24 95 92 Largest 3 | . 2 2 3 Hottest 133 | . 79 121 133 Shots Fired 458 | . 48 163 247 Gun 297 | . 24 82 191 Cannon 136 | . 24 67 45 Launcher 25 | . . 14 11 Special . | . . . . Kinetic 283 | . 24 72 187 Thermal 41 | . . 37 4 Explosive 25 | . . 14 11 Electromagnetic 109 | . 24 40 45 Robot Hit Streak 17 | . 5 17 10 Robot Miss Streak 4 | . 4 3 4 Penetration Max . | . . . . Secondary Targets 2 | . . . 2 Max Gunslinging Chain 1 | . . . 1 Shots Hit Robots 302 | . 23 111 168 Core Hits 149 | . 13 64 72 Critical Kills 2 | . . . 2 Critical Parts Destroyed 3 | . . . 3 Critical Strikes 12 | . . 6 6 Burn 3 | . . 3 . Destroy 2 | . . . 2 Blast 2 | . . 2 . Corrupt 2 | . . 1 1 Smash 3 | . . . 3 Melee Attacks 16 | . . . 16 Impact 11 | . . . 11 Slashing 5 | . . . 5 Piercing . | . . . . Sneak Attacks 1 | . . . 1 Combat Hostiles . | . . . . Follow-up Attacks 3 | . . . 3 Damage Inflicted 7221 | . 528 3378 3315 Guns 2582 | . 150 889 1543 Cannons 2029 | . 378 1048 603 Explosions 2115 | . . 1439 676 Melee 493 | . . . 493 Ramming 2 | . . 2 . Kinetic 2392 | . 150 705 1537 Thermal 635 | . . 503 132 Explosive 1918 | . . 1306 612 Electromagnetic 1766 | . 378 862 526 Impact 477 | . . . 477 Slashing 31 | . . . 31 Piercing . | . . . . Highest Corruption 2 | . 2 . . Average Corruption 2 | . 2 . . Corruption Purged . | . . . . Corruption Blocked . | . . . . Effects 8 | . 8 . . Message Errors 2 | . 2 . . Matter Fused 4 | . 4 . . Energy Discharges 2 | . 2 . . Overload Shots . | . . . . Overflow Damage 177 | . . 62 115 Projectiles 32 | . . 32 . Explosions 30 | . . 30 . Melee 115 | . . . 115 Knockbacks 10 | . . . 10 Impact 2 | . . . 2 Kinetic 7 | . . . 7 Secondary 1 | . . . 1 Self-Inflicted Damage 359 | . . 310 49 Shots 9 | . . 7 2 Rammed . | . . . . Targets Rammed 1 | . . 1 . Kicked 1 | . . 1 . Crushed . | . . . . Highest Temperature 352 | . 228 320 352 Average Temperature 103 | . 80 100 116 Received Heat Transfer 1567 | . 81 555 931 Effects 5 | . . 2 3 Energy Bleed 2 | . . . 2 Interference 3 | . . 2 1 Siege Activations . | . . . . Martial Activations . | . . . . Shielding Activations . | . . . . Robots Disrupted . | . . . . Combat Hostiles . | . . . . Robots Corrupted 3 | . . 2 1 Combat Hostiles 3 | . . 2 1 Parts Fried 7 | . 1 1 5 Impact Corruptions 4 | . . . 4 Robots Melted . | . . . . Combat Hostiles . | . . . . Parts Melted 1 | . . 1 . Heat Transferred 1593 | . . 1382 211 Parts Sabotaged . | . . . . Parts Stolen . | . . . . Parts Stripped . | . . . . Power Chain Reactions 2 | . . 1 1 Alert | -11 -10 -9 -8 ------- Run | Yrd Mat Mat Mat Maximum Alert Level 2 | . . 2 1 Low Security (%) 58 | 100 100 30 72 Level 1 13 | . . 7 27 Level 2 28 | . . 61 . Level 3 . | . . . . Level 4 . | . . . . Level 5 . | . . . . High Security . | . . . . Max Security . | . . . . Peak Influence 626 | . 149 626 335 Initial 261 | . . 55 261 Average 232 | . 40 394 131 Influence Increases 2456 | . 293 1197 966 Destroy 0b10 Robot/C 1420 | . 160 720 540 Destroy 0b10 Robot/NC 125 | . 15 70 40 Destroy Leader 352 | . 44 182 126 Successful Hack 66 | . 14 38 14 Disable Machine 135 | . . 75 60 Destroy Structure 163 | . . 112 51 Lose Combat Pursuer 195 | . 60 . 135 Influence Decreases 2173 | . 160 710 1303 Entered New Map 437 | . . 78 359 Time Decay 1229 | . 160 562 507 Lost Part 230 | . . 70 160 Purge Threat 277 | . . . 277 Squads Dispatched 13 | . 1 4 8 Investigation . | . . . . Extermination . | . . . . Reinforcement 12 | . 1 3 8 Assault 1 | . . 1 . Garrison . | . . . . Intercept . | . . . . Searches Triggered . | . . . . Construction Impeded 2 | . . 1 1 Haulers Reinforced . | . . . . Active Scanning Responses . | . . . . Cargo Convoy Interrupts . | . . . . Stealth | -11 -10 -9 -8 --------- Run | Yrd Mat Mat Mat Distress Signals 7 | . . 3 4 Communications Jammed . | . . . . Distress Signals . | . . . . Times Spotted 116 | . 15 44 57 Peak Tracking Total 7 | . 3 6 7 Tactical Retreats 9 | . 3 . 6 Traps | -11 -10 -9 -8 ------- Run | Yrd Mat Mat Mat Traps Triggered 4 | . 1 3 . Indirectly 3 | . . 3 . Trap Hack Attempts . | . . . . Triggered . | . . . . Disarmed . | . . . . Reprogrammed . | . . . . Reused . | . . . . Traps Extracted . | . . . . Installed . | . . . . Triggered . | . . . . Machines | -11 -10 -9 -8 ---------- Run | Yrd Mat Mat Mat Machines Disabled 9 | . . 5 4 Max in Single Turn 2 | . . 2 1 Machines Repaired . | . . . . Machines Dismantled . | . . . . Machines Sabotaged . | . . . . Overloaded Fab Kills . | . . . . Hacking | -11 -10 -9 -8 --------- Run | Yrd Mat Mat Mat Machines Accessed 21 | . 3 7 11 Terminals 16 | . 3 5 8 Fabricators . | . . . . Repair Stations 1 | . . 1 . Recycling Units 2 | . . 1 1 Scanalyzers 2 | . . . 2 Garrison Access . | . . . . Total Hacks 68 | . 9 19 40 Successful 31 | . 2 11 18 Failed 37 | . 7 8 22 Catastrophic 14 | . 4 4 6 Database Lockouts . | . . . . Manual 22 | . 4 6 12 Terminals 46 | . 9 12 25 Fabricators . | . . . . Repair Stations 4 | . . 4 . Recycling Units 5 | . . 3 2 Scanalyzers 13 | . . . 13 Garrison Access . | . . . . Terminal Hacks 14 | . 2 5 7 Robot Analysis 1 | . . . 1 Terminal Index 2 | . 1 1 . Alert Level 1 | . . 1 . Unreport Threat 2 | . . . 2 Locate Traps 2 | . . 1 1 Garrison Status 2 | . . 1 1 Zone Layout 4 | . 1 1 2 Fabricator Hacks . | . . . . Repair Station Hacks 4 | . . 4 . Scan Component 2 | . . 2 . Repair 2 | . . 2 . Recycling Unit Hacks 2 | . . 2 . Report Inventory 1 | . . 1 . Retrieve Components 1 | . . 1 . Scanalyzer 11 | . . . 11 Insert Component 5 | . . . 5 Analyze 6 | . . . 6 Garrison Access Hacks . | . . . . Unauthorized Hacks . | . . . . Terminals . | . . . . Fabricators . | . . . . Repair Stations . | . . . . Recycling Units . | . . . . Scanalyzers . | . . . . Garrison Access . | . . . . Data Cores Recovered 2 | . . 2 . Used . | . . . . Hacking Detections 20 | . 3 6 11 Full Trace Events 2 | . 1 . 1 Feedback Events . | . . . . Feedback Blocked . | . . . . Robot Schematics Acquired . | . . . . Robots Built . | . . . . Authchips . | . . . . Time . | . . . . Total Robot Build Rating . | . . . . Part Schematics Acquired 5 | . . . 5 Parts Built . | . . . . Authchips . | . . . . Time . | . . . . Total Part Build Rating . | . . . . Parts Repaired 2 | . . 2 . Time 64 | . . 64 . Parts Recycled . | . . . . Recycled Matter . | . . . . Retrieved Matter . | . . . . Retrieved Components 3 | . . 3 . Parts Scanalyzed 5 | . . . 5 Part Schematics Acquired 5 | . . . 5 Parts Damaged . | . . . . Bothacking | -11 -10 -9 -8 ------------ Run | Yrd Mat Mat Mat Used RIF Installer . | . . . . Robots Hacked . | . . . . Non-combat . | . . . . Combat . | . . . . Robot Hacks Applied . | . . . . Relay Couplers Released . | . . . . Fabnet Peak Effective % . | . . . . Robots Rewired . | . . . . Allies Hacked . | . . . . Hacks Repelled . | . . . . Allies | -11 -10 -9 -8 -------- Run | Yrd Mat Mat Mat Total Allies . | . . . . Largest Group . | . . . . Highest-Rated Group . | . . . . Highest-Rated Ally . | . . . . Total Orders . | . . . . Ally Attacks . | . . . . Total Damage . | . . . . Kills . | . . . . Allies Corrupted . | . . . . Allies Melted . | . . . . Intel | -11 -10 -9 -8 ------- Run | Yrd Mat Mat Mat Active Infowar (turns) 2538 | . . 2097 441 Seismic 974 | . . 974 . ECM 1564 | . . 1123 441 Robot Analysis Total 1 | . . . 1 Derelict Logs Recovered . | . . . . Drone Launches . | . . . . Drone Recoveries . | . . . . Exploration | -11 -10 -9 -8 ------------- Run | Yrd Mat Mat Mat Turns Passed 4619 | 72 848 2097 1602 Spaces Moved 1970 | 45 430 636 859 Core 82 | 12 . . 70 Treads 775 | . 422 353 . Legs 1113 | 33 8 283 789 Wheels . | . . . . Hover . | . . . . Flight . | . . . . Fastest Speed 50 | 50 120 160 50 Average Speed 147 | 124 159 174 121 Slowest Speed 600 | 200 160 240 600 Overloaded Moves . | . . . . Propulsion Burnouts . | . . . . Robots Hopped . | . . . . Potential Cave-ins . | . . . . Cave-ins Triggered . | . . . . Exploration Rate (%) 49 | 3 62 69 64 Regions Visited 3 Branch Regions . Pre-discovered Areas . | . . . . Known Exits Taken . | . . . . Unknown Exits Taken 3 | 1 1 1 . Scrap Searched . | . . . . Spaces Dug . | . . . . Terrain Destroyed 175 | . . 124 51 Melee . | . . . . Projectile . | . . . . AOE 175 | . . 124 51 Terrain Rammed . | . . . . Walls Destroyed . | . . . . Machines Disabled . | . . . . Actions | -11 -10 -9 -8 --------- Run | Yrd Mat Mat Mat Total 3316 | 61 555 1461 1239 Wait 916 | . 66 669 181 Move 1967 | 44 429 635 859 Hop . | . . . . Pick Up 75 | 11 19 17 28 Fast Attach 3 | . . 1 2 Attach 29 | 6 1 10 12 Detach . | . . . . Swap 56 | . 6 23 27 Drop 47 | . 10 10 27 Fire 211 | . 24 95 92 Melee 11 | . . . 11 Ram . | . . . . Kick 1 | . . 1 . Crush . | . . . . Escape Stasis . | . . . . Rewire . | . . . . Trap . | . . . . Miscellaneous . | . . . . Route ------- -11/Scrapyard -10/Materials (discovered 3 exits: *Mat x2 / [*Min]) -9/Materials (discovered 3 exits: *Mat x2 / [*Min]) -8/Materials (discovered 2 exits: [*Fac x2]) History --------- Turn | Location | Event 14 | -11/Scrapyard | Discovered new exit (range 16) 73 | -11/Scrapyard | Entered Materials 302 | -10/Materials | Build established: Mutant 431 | -10/Materials | Discovered new exit (range 8) 442 | -10/Materials | Discovered new exit (range 15) 888 | -10/Materials | Discovered new exit (range 16) 921 | -10/Materials | Entered another Materials area 921 | -9/Materials | Evolved 2 slots: Propulsion x1, Utility x1 1200 | -9/Materials | Discovered new exit (range 11) 1316 | -9/Materials | Discovered new exit (range 15) 1721 | -9/Materials | First assault squad dispatched 1924 | -9/Materials | Core integrity fell below 50% 2093 | -9/Materials | Repaired Hrd. Light Armor Plating 2127 | -9/Materials | Repaired Particle Gun 2982 | -9/Materials | Discovered new exit (range 15) 3018 | -9/Materials | Entered another Materials area 3018 | -8/Materials | Evolved 2 slots: Propulsion x1, Weapon x1 3375 | -8/Materials | Discovered new exit (range 9) 3439 | -8/Materials | Build established: Scavenger-Tank 3752 | -8/Materials | Build established: Tank 3892 | -8/Materials | Discovered new exit (range 10) 4336 | -8/Materials | Lost 4 parts (1p1n2u) 4498 | -8/Materials | Core integrity fell below 50% 4543 | -8/Materials | Lost 6 parts (1p5n) 4552 | -8/Materials | Core integrity fell below 20% 4554 | -8/Materials | Released all parts (5) 4620 | -8/Materials | Destroyed by G-47 Trooper with Particle Gun Last Messages --------------- 04551_ Knocked back. 04552_ Katana destroyed. 04554_ Released Great Maul. 04554_ Released Melee Analysis Suite. 04554_ Released Lrg. Storage Unit. 04554_ Released Armor Integrity Analyzer. 04554_ Released Katana. 04558_ U-05 Engineer lays Concrete. 04563_ Acquired Prototype Ballistic Gun. 04563_ Identified Enh. Autogun. 04566_ Acquired Imp. Grenade Launcher. 04585_ K-01 Serf cleans the Nuclear Reactor. 04587_ ALERT: Suspicious intruders detected, dispatching Specialist reinforcements to area. 04592_ W-25 Informer sends out distress signal. 04594_ U-05 Engineer lays Concrete. 04600_ W-25 Informer sends out distress signal. 04601_ U-05 Engineer lays Concrete. 04612_ Critical hit (Burn: +37). 04617_ Imp. Grenade Launcher destroyed. Map ----- +----------------------------------------------------+ | ??????????# """ #?### /# #??? | | ??????????# """ #?# # *# #??? | | ??????????#####+#### # # #??? | | ????????? # # #??? | | ????????????"" """ #+## #??? | | ?????????????" """ #??? | | ????????????"" """ # ##??? | | ????????? ! # [ ##???? | | ?????????###+######### #=! [###???? | | ?????????? ########### !=#####?? | | ?????????? ## # #"""#?? | | ????????#?# ## + ##+#"T"### | | ????????? # ## #[##% # | | ????????? # ## """ #=## " # | | ??????????+ "# """ +[## """# | | ??????????# "#* """ # ##!= """# | | ??????????# %/#!% " # ## =[ """# | | ??????????# !]%![ + w/[ "" # | | ?????????## ][/![ # # """# | | ########## % ##+####### # ""# | | %% [%! # """# | | =%* xx + " # | | ""###"" # # | | ################## "R = ######### | | ????????###########" H # #? | | ?######## g = @# """ #? | | ?# # k g # """ #? | | ?#= """ # ##########;## + """ !#? | | ?# """ # #???# # # #? | | ?# """ + ##### # # = #? | | ?# # + """ ###########? | | ?# + ##### """ #??????????? | | ?########+##???# """ #??????????? | | ??????? ???# #??????????? | | ?????# """ T ?# #??????????? | | ?????# """ ##! #??????????? | | ?????# """ ## #??????????? | | ?????# ## #??????????? | | ?????# """ ## ! #??????????? | | ?????# """ ##########??????????? | | ?????# ??? #???????????????????? | | ?????#??????? #???????????????????? | | ??????????????????????????????????? | | | | | | | | | | | | | | | +----------------------------------------------------+ Best States ------------- Heat Dissipation 31 Energy Generation 14 Energy Capacity 275 Matter Stores 300 Matter Capacity 300 Sight Range 16 Terrain Scan Density 10 ECM Strength 1 Armor Coverage 225 Evasion (%) 55 Melee Accuracy 5 Armor Integrity Analysis 30 Recoil Reduction 3 Item Schematics ----------------- Hacking Suite | -8/Materials | Scanalyzed Imp. Heat Sink | -8/Materials | Scanalyzed Seismic Detector | -8/Materials | Scanalyzed Melee Analysis Suite | -8/Materials | Scanalyzed Katana | -8/Materials | Scanalyzed Robot Schematics ------------------ None Fabricated ------------ Nothing Repaired ---------- Hrd. Light Armor Plating | 16% | -9/Materials Particle Gun | 18% | -9/Materials Alien Tech Used ----------------- None Achievements -------------- None Challenges ------------ None Game ------ Seed SignalRagnarokExtrapolator Manual? 0 Play Time 00:44:25 Cumulative 69.1 hours Start 2025.08.23 @ 16:08:44 End 2025.08.23 @ 16:56:55 Sessions 1 Manual Loads 0 Difficulty Rogue Special Mode None Game No. 52 Rogue 52 Adventurer 0 Explorer 0 Win Type - Total 2 Types 1/0/0/1/0/0/0/0/0/0 Lore% 57 Gallery% 50 Achievement% 43 Wizard Run 0 Options --------- Layout 1 ASCII 0 Keyboard 0 Movement Mouse Keybinds 0 Fullscreen 1 Font 24/Smallcaps Map View 50x35 Zoom Use 0% Tactical HUD 1 Map Filters NONE Filters NONE Steam 1 RUN: f823443e-8065-4d02-8baa-0d82f2f491ca